[Event "January 2 Late 2024"]
[Site "https://www.chess.com"]
[Date "2024.01.02"]
[Round "3"]
[White "Vifleemskaia, Svetlana"]
[Black "Korpics, Zsolt"]
[Result "1-0"]
[Board "161"]
[TimeControl "180+1"]
[WhiteFideId "4129490"]
[BlackFideId "705241"]
[WhiteElo "2233"]
[BlackElo "2522"]
[WhiteTeam "RUS"]
[BlackTeam "HUN"]
[WhiteClock "0:00:10"]
[BlackClock "0:00:06"]

1. d4 Nf6 2. c4 e6 3. Nc3 Bb4 4. e3 O-O 5. Ne2 c5 6. a3 Bxc3+ 7. Nxc3 cxd4 8. exd4 d5 9. cxd5 Nxd5 10. Be2 Nxc3 11. bxc3 Bd7 12. O-O Bc6 13. c4 Qf6 14. Be3 Rd8 15. Rb1 Nd7 16. Qd2 Qg6 17. f3 b6 18. Bd3 Qh5 19. g4 Qh3 20. Qg2 Qxg2+ 21. Kxg2 Ne5 22. dxe5 Rxd3 23. Kf2 Rxa3 24. Rfc1 Ra2+ 25. Kg3 Re2 26. Bg1 Rxe5 27. Ra1 Re2 28. c5 bxc5 29. Rxc5 Bd5 30. Rxa7 Rd8 31. Rcc7 e5 32. Rd7 Re8 33. Rxd5 e4 34. fxe4 R2xe4 35. Rdd7 Rf8 36. Re7 Rc4 37. Rac7 Rb4 38. Rc3 h6 39. Rce3 Rc8 40. Re8+ Rxe8 41. Rxe8+ Kh7 42. Re2 Rb3+ 43. Be3 Kg6 44. Kg2 h5 45. g5 Kf5 46. Rf2+ Kg6 47. Bd2 Rd3 48. h4 Rd5 49. Be3 Re5 50. Kf3 Rf5+ 51. Kg3 Re5 52. Rf3 Re4 53. Bf4 Re6 54. Re3 Rc6 55. Rd3 Ra6 56. Rd6+ Rxd6 57. Bxd6 Kf5 58. Bf4 Ke4 59. Bd2 Kf5 60. Bc3 g6 61. Bf6 Ke4 62. Be7 Kf5 63. Bd6 Ke4 64. Bc7 Ke3 65. Bd8 Ke4 66. Bf6 Ke3 67. Be5 Ke4 68. Bf4 Kf5 69. Kf3 f6 70. gxf6 Kxf6 71. Ke4 Ke6 72. Bg5 Kd6 73. Kd4 Ke6 74. Ke4 Kd6 75. Kf4 Ke6 76. Bh6 Kf6 77. Bf8 Kf7 78. Bc5 Kf6 79. Bd4+ Kf7 80. Kg5 Ke6 81. Kxg6 Kd5 82. Ba1 Ke6 83. Kxh5 Kf7 84. Kh6 Kg8 85. h5 Kf7 86. Kh7 Kf8 87. Kg6 Kg8 88. h6 Kf8 89. h7 1-0

[Event "January 2 Late 2024"]
[Site "https://www.chess.com"]
[Date "2024.01.02"]
[Round "3"]
[White "Weisz, Bryan"]
[Black "Jose Iraeta, Alejandro"]
[Result "1-0"]
[Board "162"]
[TimeControl "180+1"]
[WhiteFideId "30934133"]
[BlackFideId "2226537"]
[WhiteElo "2521"]
[BlackElo "2223"]
[WhiteTeam "USA"]
[BlackTeam "ESP"]
[WhiteClock "0:00:08"]
[BlackClock "0:00:08"]

1. f3 d5 2. g3 e5 3. Nh3 Nf6 4. Nf2 Bc5 5. Bg2 Bxf2+ 6. Kxf2 O-O 7. Re1 e4 8. Kg1 Re8 9. d3 Nc6 10. fxe4 dxe4 11. Nc3 exd3 12. exd3 Be6 13. Ne4 Nxe4 14. Bxe4 Bd5 15. Bxd5 Qxd5 16. Be3 Rad8 17. Bf2 h6 18. Re3 Nd4 19. Rxe8+ Rxe8 20. Bxd4 Qxd4+ 21. Kg2 Qxb2 22. Rb1 Qxa2 23. Rb3 b6 24. Rc3 Qa5 25. Rxc7 Qd5+ 26. Kg1 Qd4+ 27. Kg2 b5 28. Qf3 Rf8 29. Qf2 Qxf2+ 30. Kxf2 Ra8 31. Rb7 a6 32. c4 bxc4 33. dxc4 a5 34. c5 Kh7 35. Rc7 a4 36. Rb7 a3 37. Rb1 a2 38. Ra1 Kg6 39. c6 Kf6 40. c7 Ke7 41. c8=Q Rxc8 42. Rxa2 f5 43. Kf3 Rc4 44. Ra7+ Kf6 45. Ra6+ Kg5 46. h4+ Kh5 47. Ra7 g6 48. Ra5 Rb4 49. Ra6 g5 50. hxg5 hxg5 51. Ra3 Rc4 52. Rb3 Rd4 53. Rc3 Ra4 54. Rb3 Rc4 55. Rd3 Rd4 56. Rxd4 1-0

[Event "January 2 Late 2024"]
[Site "https://www.chess.com"]
[Date "2024.01.02"]
[Round "3"]
[White "uzkuzk"]
[Black "Leenhouts, Koen"]
[Result "0-1"]
[Board "163"]
[TimeControl "180+1"]
[BlackFideId "1008439"]
[WhiteElo "2192"]
[BlackElo "2521"]
[BlackTeam "NED"]
[WhiteClock "0:00:12"]
[BlackClock "0:01:09"]

1. d4 e6 2. Bf4 b6 3. e3 Bb7 4. c3 Bd6 5. Bg3 Ne7 6. Qg4 Nf5 7. Nd2 h5 8. Qd1 Be7 9. e4 Nxg3 10. hxg3 d6 11. Rxh5 Rxh5 12. Qxh5 Nd7 13. Bc4 Nf6 14. Qh8+ Bf8 15. f3 d5 16. Bb5+ c6 17. Be2 dxe4 18. fxe4 Qc7 19. e5 Nd5 20. Nf1 O-O-O 21. Qh7 c5 22. Qd3 cxd4 23. cxd4 Nb4 24. Qd2 Nc2+ 25. Kf2 Rxd4 26. Qc3 Bc5 27. Ne3 Nxe3 28. Qxe3 Rd2 29. Nf3 Bxe3+ 30. Kxe3 Rxb2 31. Rh1 Qc5+ 32. Nd4 Qxe5+ 33. Kd3 Rxe2 34. Rh8+ Kd7 35. Nxe2 Ba6+ 0-1

[Event "January 2 Late 2024"]
[Site "https://www.chess.com"]
[Date "2024.01.02"]
[Round "3"]
[White "Negron Lizarazo, Juan Sebastian"]
[Black "Baches Garcia, Guillermo"]
[Result "0-1"]
[Board "164"]
[TimeControl "180+1"]
[WhiteFideId "3936910"]
[BlackFideId "2209764"]
[WhiteElo "2184"]
[BlackElo "2520"]
[WhiteTeam "COL"]
[BlackTeam "ESP"]
[WhiteClock "0:00:00"]
[BlackClock "0:00:40"]

1. e4 c5 2. Nc3 d6 3. g3 Nc6 4. Bg2 g6 5. d3 Bg7 6. Be3 Rb8 7. Qd2 b5 8. Rb1 b4 9. Nce2 Qa5 10. Nf3 Qxa2 11. O-O Qa5 12. h3 Nf6 13. Bh6 O-O 14. Nh2 e5 15. Bxg7 Kxg7 16. f4 Nd4 17. g4 Nxe2+ 18. Qxe2 Qc7 19. f5 g5 20. Nf3 h6 21. Qe3 Nh7 22. h4 f6 23. hxg5 hxg5 24. Kf2 Bd7 25. Rh1 Rh8 26. Rh5 Be8 27. Nxg5 Nxg5 28. Rxg5+ fxg5 29. Qxg5+ Kf8 30. Qf6+ Kg8 31. g5 Rb7 32. g6 Qe7 33. Qxe7 Rxe7 34. f6 Rc7 35. f7+ Bxf7 36. gxf7+ Rxf7+ 37. Ke2 Rh2 38. Rg1 Kf8 39. Ke3 Ke7 40. c3 a5 41. cxb4 axb4 42. b3 Rg7 43. Kf3 Rh8 44. Ra1 Rf8+ 45. Ke3 Rxg2 46. Ra7+ Kf6 47. Rd7 Ke6 0-1

[Event "January 2 Late 2024"]
[Site "https://www.chess.com"]
[Date "2024.01.02"]
[Round "3"]
[White "Porat, Tori"]
[Black "Osmak, Yuliia"]
[Result "0-1"]
[Board "165"]
[TimeControl "180+1"]
[WhiteFideId "30982626"]
[BlackFideId "14101602"]
[WhiteElo "2175"]
[BlackElo "2520"]
[WhiteTeam "USA"]
[BlackTeam "UKR"]
[WhiteClock "0:01:16"]
[BlackClock "0:01:31"]

1. d4 d6 2. c4 e5 3. dxe5 dxe5 4. Qxd8+ Kxd8 5. Nc3 c6 6. e4 Bc5 7. Nf3 f6 8. Bd2 Bg4 9. Be2 Nd7 10. h3 Bxf3 11. Bxf3 Kc7 12. Rf1 Rd8 13. O-O-O Ne7 14. Kb1 Nb6 15. a3 Nxc4 16. Bc1 Rxd1 17. Bxd1 Rd8 18. Be2 Nd2+ 19. Bxd2 Rxd2 20. Kc1 Rd8 21. b4 Bd4 22. Kc2 Bxc3 23. Kxc3 Ng6 24. g3 Rd4 25. Bd3 Rd6 26. a4 Nf8 27. Be2 Ne6 28. Bc4 Ng5 29. h4 Nxe4+ 30. Kc2 Rd2+ 31. Kc1 Rxf2 32. Re1 Nxg3 0-1

[Event "January 2 Late 2024"]
[Site "https://www.chess.com"]
[Date "2024.01.02"]
[Round "3"]
[White "KSho99"]
[Black "Ferreira, Vitor Hugo Vieira"]
[Result "0-1"]
[Board "166"]
[TimeControl "180+1"]
[BlackFideId "2119765"]
[WhiteElo "2169"]
[BlackElo "2519"]
[BlackTeam "BRA"]
[WhiteClock "0:00:01"]
[BlackClock "0:00:53"]

1. Nf3 d5 2. g3 Bf5 3. Bg2 e6 4. O-O Nf6 5. d3 c6 6. c4 h6 7. Qb3 Qb6 8. Be3 Qxb3 9. axb3 a6 10. Bd4 Nbd7 11. Nbd2 Bc5 12. Bc3 O-O 13. b4 Be7 14. Rfd1 Bh7 15. Nb3 dxc4 16. dxc4 Bc2 17. Rdc1 Bxb3 18. Nd2 Bxc4 19. Nxc4 Nd5 20. Na5 Rab8 21. Rd1 Rfd8 22. Rd4 Bf6 23. Rd3 Ne5 24. Bxe5 Bxe5 25. Rad1 Rdc8 26. Be4 Nxb4 27. Rd7 b6 28. Nc4 Bf6 29. Nxb6 Rxb6 0-1

[Event "January 2 Late 2024"]
[Site "https://www.chess.com"]
[Date "2024.01.02"]
[Round "3"]
[White "th3d4rkness"]
[Black "Jimenez Almeida, Luis David"]
[Result "0-1"]
[Board "167"]
[TimeControl "180+1"]
[BlackFideId "22242244"]
[WhiteElo "2161"]
[BlackElo "2516"]
[BlackTeam "ESP"]
[WhiteClock "0:00:00"]
[BlackClock "0:00:09"]

1. d4 g6 2. Nf3 Bg7 3. g3 f5 4. Bg2 Nf6 5. O-O O-O 6. c4 d6 7. Nc3 Nc6 8. d5 Ne5 9. Nxe5 dxe5 10. e4 f4 11. gxf4 exf4 12. Bxf4 Nxe4 13. Bg3 Nxc3 14. bxc3 Bxc3 15. Rb1 Bf6 16. Re1 Rb8 17. c5 Bf5 18. Rc1 Qd7 19. d6 exd6 20. cxd6 c6 21. Qb3+ Kg7 22. Rcd1 Rbe8 23. Qa3 a6 24. Qc5 h5 25. h4 Bg4 26. Rb1 Rxe1+ 27. Rxe1 Rf7 28. Qe3 Qd8 29. Qe8 Bxh4 30. Bxh4 Qxh4 31. Re7 Qxf2+ 32. Kh1 Qh4+ 33. Kg1 Qf2+ 34. Kh1 Qf6 35. Rxf7+ Qxf7 36. Qe5+ Qf6 37. Qc5 h4 38. Qc4 Bd7 39. Qd3 h3 40. Be4 Qa1+ 41. Kh2 Qxa2+ 42. Kg3 Qe6 43. Qd4+ Qf6 44. Qd3 Qe5+ 45. Kf2 a5 46. Bxg6 Qf6+ 0-1

[Event "January 2 Late 2024"]
[Site "https://www.chess.com"]
[Date "2024.01.02"]
[Round "3"]
[White "Estrada Nieto, Julian"]
[Black "Novikova, Margarita"]
[Result "1-0"]
[Board "168"]
[TimeControl "180+1"]
[WhiteFideId "5101018"]
[BlackFideId "14109689"]
[WhiteElo "2516"]
[BlackElo "2145"]
[WhiteTeam "ESP"]
[BlackTeam "GER"]
[WhiteClock "0:00:15"]
[BlackClock "0:00:05"]

1. Nf3 Nf6 2. c4 c5 3. d4 cxd4 4. Nxd4 Nc6 5. Nc3 Nxd4 6. Qxd4 g6 7. g3 Bg7 8. Bg2 O-O 9. O-O d6 10. Bg5 h6 11. Bd2 a6 12. Qd3 Qc7 13. Rac1 Bf5 14. e4 Be6 15. Nd5 Bxd5 16. cxd5 Qb6 17. Rc2 Rac8 18. Rfc1 Rxc2 19. Qxc2 Rd8 20. Be3 Qb5 21. Bf1 Qb4 22. Bd3 Ne8 23. b3 Qa3 24. h4 h5 25. Qd2 Qb2 26. Qxb2 Bxb2 27. Rc2 Bg7 28. Kg2 e6 29. dxe6 fxe6 30. Bc4 Kf7 31. f4 Ke7 32. Bd3 d5 33. exd5 exd5 34. Bxg6 d4 35. Bd2 d3 36. Rc1 Rd5 37. Be4 Rd7 38. Bf5 Rd5 39. Be4 Rd7 40. Re1 Kd8 41. Ba5+ Kc8 42. Rd1 Kb8 43. Rxd3 Re7 44. Bg6 Re2+ 45. Kf3 Rxa2 46. Rd8+ Ka7 47. Be1 Nf6 48. Bf2+ b6 49. Bf5 Ra3 50. Be6 a5 51. Bd4 Ka6 52. Rd6 Kb5 53. Bxf6 Bxf6 54. Bc4+ Kc5 55. Rxf6 a4 56. Rf5+ Kd4 57. Rb5 axb3 58. Bxb3 Kc3 59. f5 Rxb3 60. Rxb3+ Kxb3 61. f6 Kc4 62. f7 b5 63. f8=Q b4 64. Qxb4+ Kxb4 65. g4 hxg4+ 66. Kxg4 Kc5 67. Kg5 Kd6 68. Kg6 Ke7 69. Kg7 Ke6 70. h5 Kf5 71. h6 Kg5 72. h7 1-0

[Event "January 2 Late 2024"]
[Site "https://www.chess.com"]
[Date "2024.01.02"]
[Round "3"]
[White "Clarke, Matthew"]
[Black "Gasparyan, David"]
[Result "0-1"]
[Board "169"]
[TimeControl "180+1"]
[WhiteFideId "3227804"]
[BlackFideId "13311980"]
[WhiteElo "2141"]
[BlackElo "2513"]
[WhiteTeam "AUS"]
[BlackTeam "USA"]
[WhiteClock "0:00:00"]
[BlackClock "0:00:42"]

1. d4 Nf6 2. c4 g6 3. Nc3 d5 4. cxd5 Nxd5 5. e4 Nxc3 6. bxc3 Bg7 7. Bc4 c5 8. Ne2 O-O 9. O-O b6 10. Be3 Qc7 11. Rc1 Rd8 12. Qb3 e6 13. d5 exd5 14. exd5 Bf5 15. Bg5 Rd7 16. Bb5 Be5 17. f4 Bg7 18. Bxd7 Nxd7 19. Ng3 Bd3 20. Rfe1 c4 21. Qb5 h6 22. Be7 a6 23. Qc6 Qa7 24. Ba3 b5+ 25. Kh1 Nf6 26. Bc5 Qb8 27. d6 Qd8 28. Re7 Rc8 29. Rc7 Rb8 30. Re1 Bf8 31. Qxa6 Ng4 32. h3 Qh4 33. Rc1 Qxg3 34. hxg4 Be4 0-1

[Event "January 2 Late 2024"]
[Site "https://www.chess.com"]
[Date "2024.01.02"]
[Round "3"]
[White "Thake, Conrad"]
[Black "Tifferet, Shakked"]
[Result "0-1"]
[Board "170"]
[TimeControl "180+1"]
[WhiteFideId "5602947"]
[BlackFideId "2811529"]
[WhiteElo "1892"]
[BlackElo "2512"]
[WhiteTeam "MLT"]
[BlackTeam "ISR"]
[WhiteClock "0:00:00"]
[BlackClock "0:01:36"]

1. c4 g6 2. Nc3 Bg7 3. d3 e5 4. e4 Ne7 5. g3 Nbc6 6. Bg2 d6 7. Nge2 h5 8. h3 Be6 9. O-O Qd7 10. Kh2 h4 11. g4 f5 12. Nd5 fxg4 13. Nxe7 Nxe7 14. Ng1 O-O-O 15. Bg5 Rdf8 16. Bxe7 g3+ 17. fxg3 hxg3+ 18. Kh1 Qxe7 19. Rxf8+ Rxf8 20. Ne2 Qh4 21. Qe1 Rf2 22. Ng1 g5 23. b4 g4 24. Qe3 gxh3 25. Nxh3 Bxh3 26. Kg1 Rxg2+ 0-1

[Event "January 2 Late 2024"]
[Site "https://www.chess.com"]
[Date "2024.01.02"]
[Round "3"]
[White "Durarbayli, Vasif"]
[Black "Ghosh, Chanchal Kumer"]
[Result "0-1"]
[Board "171"]
[TimeControl "180+1"]
[WhiteFideId "13402935"]
[BlackFideId "10201858"]
[WhiteElo "2814"]
[BlackElo "2108"]
[WhiteTeam "AZE"]
[BlackTeam "BAN"]
[WhiteClock "0:00:00"]
[BlackClock "0:00:58"]

1. e4 c5 2. Nf3 d6 3. d4 cxd4 4. Nxd4 Nf6 5. Nc3 a6 6. Bg5 e6 7. f4 Be7 8. e5 dxe5 9. fxe5 Nfd7 10. Bxe7 Qxe7 11. Qh5 Nc6 12. Nxc6 bxc6 13. O-O-O h6 14. Ne4 O-O 15. Bc4 Rb8 16. Rhe1 Qb4 17. Bb3 Rb5 18. a3 Qa5 19. Nd6 Rxe5 20. Rxe5 Nxe5 21. Kb1 Nc4 22. Qxa5 Nxa5 23. Ba4 Rd8 24. Kc1 Nb7 25. Nc4 Rxd1+ 26. Kxd1 Nd8 27. b4 Kf8 28. Ne5 Bb7 29. c4 f6 30. Nd3 e5 31. Nc5 Bc8 32. Kd2 Ke7 33. Ke3 Kd6 34. Ne4+ Ke7 35. c5 Bd7 36. Nd6 Nf7 37. Nc4 f5 38. Na5 Nd8 39. Bc2 Ke6 40. Bd3 g5 41. Bc4+ Kf6 42. Bxa6 f4+ 43. Kf2 e4 44. Nb7 e3+ 45. Ke1 Ne6 46. Nd6 Nd4 47. Bd3 g4 48. a4 f3 49. gxf3 gxf3 50. Nc4 f2+ 51. Kd1 Bg4+ 52. Kc1 e2 0-1

[Event "January 2 Late 2024"]
[Site "https://www.chess.com"]
[Date "2024.01.02"]
[Round "3"]
[White "Manolache, Marius"]
[Black "Teimouri Yadkuri, Shahdad"]
[Result "1-0"]
[Board "172"]
[TimeControl "180+1"]
[WhiteFideId "1201530"]
[BlackFideId "42515467"]
[WhiteElo "2670"]
[BlackElo "2400"]
[WhiteTeam "ROU"]
[BlackTeam "IRI"]
[WhiteClock "0:00:54"]
[BlackClock "0:00:00"]

1. d4 Nf6 2. Nf3 e6 3. c4 d5 4. Nc3 Be7 5. Bf4 O-O 6. e3 b6 7. cxd5 exd5 8. Bd3 Bb7 9. O-O c5 10. Ne5 Nbd7 11. Qf3 Bd6 12. Rad1 Qe7 13. Qg3 Bxe5 14. dxe5 Nh5 15. Qh3 g6 16. Be2 Ng7 17. Nxd5 Bxd5 18. Rxd5 Rad8 19. Bb5 Ne6 20. Bc4 Nc7 21. e6 Nxe6 22. Bd6 Qf6 23. Bxf8 Ndxf8 24. Rxd8 Qxd8 25. b3 Qd2 26. a4 h5 27. Qg3 Ng7 28. Qf4 Nf5 29. h3 Ne6 30. Bxe6 fxe6 31. Qe5 Kf7 32. Qc7+ Kf6 33. Qxa7 g5 34. Qxb6 g4 35. hxg4 hxg4 36. Qxc5 Nh4 37. Qd4+ Qxd4 38. exd4 1-0

[Event "January 2 Late 2024"]
[Site "https://www.chess.com"]
[Date "2024.01.02"]
[Round "3"]
[White "Hamitevici, Vladimir"]
[Black "Esmeraldas Huachi, Anderson"]
[Result "1-0"]
[Board "173"]
[TimeControl "180+1"]
[WhiteFideId "13902393"]
[BlackFideId "3616363"]
[WhiteElo "2657"]
[BlackElo "2399"]
[WhiteTeam "MDA"]
[BlackTeam "ECU"]
[WhiteClock "0:00:11"]
[BlackClock "0:00:00"]

1. e4 c5 2. Nf3 d6 3. c3 Nf6 4. Bd3 g6 5. O-O Bg7 6. Bc2 O-O 7. d4 cxd4 8. cxd4 Nc6 9. h3 Nb4 10. Bb3 b6 11. a3 Nc6 12. Nc3 Ba6 13. Re1 Na5 14. Ba2 Rc8 15. e5 Ne8 16. e6 f6 17. h4 Bc4 18. Bxc4 Nxc4 19. h5 g5 20. Qd3 d5 21. Bxg5 fxg5 22. Nxg5 Nf6 23. Nf7 Rxf7 24. exf7+ Kxf7 25. Qe2 Qd7 26. Rac1 Bh6 27. Rc2 Nd6 28. Qd3 Qg4 29. Rce2 Rc7 30. Nxd5 Nxd5 31. Qxh7+ Qg7 32. Qd3 Nf4 33. Qf3 Kg8 34. Re5 e6 35. g3 Rf7 36. Qh1 Nd3 37. Rxe6 Nxe1 38. Rxd6 Nf3+ 39. Kg2 Nxd4 40. Rg6 Ne6 41. Rxg7+ Rxg7 42. Qe1 Nf4+ 43. Kf3 Nxh5 44. Qe8+ Kh7 45. Qxh5 Rg5 46. Qf7+ Rg7 47. Qf5+ Kg8 48. Kg2 Rf7 49. Qg6+ Bg7 50. Qe6 Bxb2 51. a4 Bd4 52. f4 Bc5 53. Kf3 Kf8 54. g4 Re7 55. Qh6+ Ke8 56. g5 Rf7 57. Qe6+ Re7 58. Qc6+ Kf7 59. f5 Re3+ 60. Kg4 Re4+ 61. Qxe4 a5 62. Qe6+ Kf8 63. f6 b5 64. g6 1-0

[Event "January 2 Late 2024"]
[Site "https://www.chess.com"]
[Date "2024.01.02"]
[Round "3"]
[White "RCone"]
[Black "Goryachkina, Aleksandra"]
[Result "0-1"]
[Board "174"]
[TimeControl "180+1"]
[BlackFideId "4147103"]
[WhiteElo "2396"]
[BlackElo "2652"]
[BlackTeam "FID"]
[WhiteClock "0:00:04"]
[BlackClock "0:00:42"]

1. e4 e6 2. d4 d5 3. e5 c5 4. c3 Nc6 5. Nf3 Nge7 6. Bd3 cxd4 7. cxd4 Nf5 8. Be3 Nxe3 9. fxe3 Be7 10. O-O O-O 11. Nc3 Bd7 12. Rc1 f6 13. exf6 Bxf6 14. Na4 b6 15. Nc3 Kh8 16. Bb1 Be8 17. Qd2 Bh5 18. Ne2 Rc8 19. Ng3 Bf7 20. Rfd1 Ne7 21. Rxc8 Qxc8 22. Rc1 Qd8 23. e4 dxe4 24. Nxe4 Bg6 25. Nxf6 gxf6 26. Bxg6 Nxg6 27. Qe3 Qd6 28. Re1 Re8 29. h3 Kg7 30. h4 h5 31. Qe4 Re7 32. a3 Qf4 33. Qxf4 Nxf4 34. Rc1 Ne2+ 0-1

[Event "January 2 Late 2024"]
[Site "https://www.chess.com"]
[Date "2024.01.02"]
[Round "3"]
[White "Petr, Jan"]
[Black "Vlassov, Nikolai"]
[Result "1-0"]
[Board "175"]
[TimeControl "180+1"]
[WhiteFideId "345784"]
[BlackFideId "4103360"]
[WhiteElo "2379"]
[BlackElo "2652"]
[WhiteTeam "CZE"]
[BlackTeam "FID"]
[WhiteClock "0:00:45"]
[BlackClock "0:01:20"]

1. e4 Nc6 2. Nf3 d5 3. exd5 Qxd5 4. Nc3 Qa5 5. Bc4 Bg4 6. h3 Bh5 7. d3 O-O-O 8. Bd2 Ne5 9. g4 Nxc4 10. dxc4 Bg6 11. Qe2 Bxc2 12. Nd5 Qa4 13. b3 Bxb3 14. Qe5 Rd6 15. axb3 Rxd5 16. Rxa4 Rxe5+ 17. Nxe5 Nf6 18. Nxf7 Rg8 19. Rxa7 e6 20. Ra8+ Kd7 21. Ne5+ 1-0

[Event "January 2 Late 2024"]
[Site "https://www.chess.com"]
[Date "2024.01.02"]
[Round "3"]
[White "Bernat, David"]
[Black "Zavgorodniy, Sergiy"]
[Result "1-0"]
[Board "176"]
[TimeControl "180+1"]
[WhiteFideId "2099225"]
[BlackFideId "14110148"]
[WhiteElo "2355"]
[BlackElo "2612"]
[WhiteTeam "USA"]
[BlackTeam "UKR"]
[WhiteClock "0:00:08"]
[BlackClock "0:00:34"]

1. c4 c5 2. Nc3 Nc6 3. g3 g6 4. Bg2 Bg7 5. e4 e6 6. Nge2 Nge7 7. O-O O-O 8. d3 Nd4 9. Be3 Nec6 10. a3 d6 11. Rb1 a5 12. Nb5 Nxb5 13. cxb5 Nd4 14. a4 b6 15. Nxd4 cxd4 16. Bd2 e5 17. Rc1 Bb7 18. f4 f5 19. Qb3+ Kh8 20. exf5 Bxg2 21. Kxg2 gxf5 22. Qd5 Qe7 23. Rfe1 Rae8 24. Rc6 e4 25. dxe4 fxe4 26. Rxd6 e3 27. Rd7 exd2 28. Rdxe7 Rxe7 29. Rd1 Re2+ 30. Kh3 h6 31. Qf3 Rfe8 32. Qc6 R8e3 33. Qc8+ Kh7 34. Qf5+ Kg8 35. Qc8+ Kh7 36. Qc2+ Kh8 37. Rxd2 Rxd2 38. Qxd2 Rb3 39. Qc2 Rb4 40. Qc8+ Kh7 41. Qf5+ Kh8 42. Qc8+ Kh7 43. f5 d3 44. Qe6 d2 45. Qg6+ Kh8 46. f6 Bf8 47. f7 Bg7 48. Qd6 Rd4 49. Qb8+ Kh7 50. Qg8+ Kg6 51. f8=Q Rd7 52. Qe6+ Kh7 53. Qff5+ Kh8 54. Qxd7 d1=Q 55. Qxd1 1-0

[Event "January 2 Late 2024"]
[Site "https://www.chess.com"]
[Date "2024.01.02"]
[Round "3"]
[White "Dubreuil, Julien"]
[Black "Antunez Soler, Luis"]
[Result "0-1"]
[Board "177"]
[TimeControl "180+1"]
[WhiteFideId "621285"]
[BlackFideId "3513335"]
[WhiteElo "2347"]
[BlackElo "2609"]
[WhiteTeam "FRA"]
[BlackTeam "CUB"]
[WhiteClock "0:00:13"]
[BlackClock "0:00:14"]

1. e4 e6 2. d4 d5 3. e5 c5 4. c3 Nc6 5. Nf3 Qb6 6. Bd3 cxd4 7. O-O Bd7 8. Re1 Rc8 9. a3 Nge7 10. b4 a6 11. Bb2 dxc3 12. Nxc3 Qd8 13. Rc1 Ng6 14. Na4 Be7 15. Nc5 Bxc5 16. Rxc5 O-O 17. Rc3 Na7 18. Rxc8 Nxc8 19. Bd4 Bb5 20. Bb1 Re8 21. a4 Bc4 22. Qc2 b5 23. a5 Nce7 24. h4 Nc6 25. Bb6 Qd7 26. Bc5 f5 27. exf6 gxf6 28. Qd2 Qg7 29. h5 Nge5 30. Nh2 Kh8 31. h6 Qf7 32. f4 Nd7 33. Bd6 e5 34. fxe5 fxe5 35. Nf3 Qf6 36. Bc5 Rg8 37. Kh1 e4 38. Nd4 Nxd4 39. Bxd4 Ne5 40. Qe3 Rg5 41. g3 Qxh6+ 42. Kg2 Qg6 43. Rh1 Kg8 44. Rh4 Nf3 45. Rf4 Rxg3+ 46. Kf2 Rg2# 0-1

[Event "January 2 Late 2024"]
[Site "https://www.chess.com"]
[Date "2024.01.02"]
[Round "3"]
[White "Achuthan, Aryan"]
[Black "Bijaoui, Manuel"]
[Result "1-0"]
[Board "178"]
[TimeControl "180+1"]
[WhiteFideId "30982294"]
[BlackFideId "626783"]
[WhiteElo "2319"]
[BlackElo "2513"]
[WhiteTeam "USA"]
[BlackTeam "FRA"]
[WhiteClock "0:00:38"]
[BlackClock "0:01:34"]

1. d4 Nf6 2. c4 g6 3. Nc3 Bg7 4. e4 d6 5. Nge2 O-O 6. f3 c5 7. d5 e6 8. Ng3 exd5 9. cxd5 a6 10. a4 Re8 11. Be2 h5 12. O-O h4 13. Nh1 Nbd7 14. Nf2 Nh7 15. Kh1 f5 16. exf5 gxf5 17. f4 Ndf6 18. Bf3 Bd7 19. Qd3 b5 20. axb5 axb5 21. Rxa8 Qxa8 22. Nxb5 c4 23. Qxc4 Rc8 24. Qd3 Bxb5 25. Qxb5 Qa1 26. Nd3 Ne4 27. Qd7 Nf2+ 28. Nxf2 Rxc1 29. Qe6+ Kh8 30. Qc8+ Nf8 31. Qxc1 1-0

[Event "January 2 Late 2024"]
[Site "https://www.chess.com"]
[Date "2024.01.02"]
[Round "3"]
[White "Biernacki, Mark"]
[Black "Gavrilov, Maxim"]
[Result "1-0"]
[Board "179"]
[TimeControl "180+1"]
[WhiteFideId "2082322"]
[BlackFideId "24271454"]
[WhiteElo "2302"]
[BlackElo "2509"]
[WhiteTeam "USA"]
[BlackTeam "RUS"]
[WhiteClock "0:00:15"]
[BlackClock "0:00:07"]

1. e4 c5 2. Nc3 Nc6 3. Bb5 Nd4 4. Nf3 a6 5. Bd3 d6 6. O-O Nf6 7. Nxd4 cxd4 8. Ne2 e5 9. c3 dxc3 10. dxc3 Be7 11. c4 O-O 12. Nc3 Be6 13. b3 Rc8 14. Bd2 Nd7 15. Rc1 Nc5 16. Bb1 f5 17. exf5 Bxf5 18. Bxf5 Rxf5 19. Qe2 Bg5 20. Rcd1 Bxd2 21. Rxd2 Qf8 22. Rfd1 Rd8 23. Rd5 Ne6 24. Qc2 Nd4 25. R1xd4 exd4 26. Rxf5 Qe7 27. Ne2 Re8 28. Kf1 Qh4 29. h3 Qe7 30. Rf3 g6 31. Qd2 Qe4 32. Rd3 d5 33. cxd5 Qxd5 34. Rxd4 Qe5 35. g3 Qe6 36. Nf4 Qc6 37. Kg1 Qf6 38. Kg2 Qc6+ 39. Kh2 g5 40. Ng2 Qf6 41. Ne3 Rf8 42. Kg2 Qf3+ 43. Kg1 h5 44. Rd7 h4 45. Qd5+ Qxd5 46. Rxd5 hxg3 47. Rxg5+ Kh7 48. fxg3 Rd8 49. Rd5 Re8 50. Kf2 Rf8+ 51. Ke2 b5 52. Rd7+ Kg8 53. Rd6 Re8 54. h4 Rc8 55. g4 a5 56. Rd5 a4 57. Rxb5 a3 58. Ra5 Rc1 59. Rxa3 Rb1 60. Ra8+ Kg7 61. Ra6 Rb2+ 62. Kf3 Rd2 63. h5 Rd4 64. Nf5+ Kf7 65. Nxd4 Kg7 66. h6+ Kf7 67. b4 Kg8 68. b5 Kh8 69. b6 Kh7 70. b7 Kg8 71. b8=Q+ Kh7 72. Qc7+ Kh8 73. Ra8# 1-0

[Event "January 2 Late 2024"]
[Site "https://www.chess.com"]
[Date "2024.01.02"]
[Round "3"]
[White "Stojanovski, Sandi"]
[Black "Curtis, John"]
[Result "1-0"]
[Board "180"]
[TimeControl "180+1"]
[WhiteFideId "1403249"]
[BlackFideId "3200256"]
[WhiteElo "2502"]
[BlackElo "2219"]
[WhiteTeam "DEN"]
[BlackTeam "AUS"]
[WhiteClock "0:00:08"]
[BlackClock "0:00:00"]

1. d3 d5 2. Nf3 Bf5 3. g3 c6 4. Bg2 h6 5. O-O Nf6 6. c4 e6 7. cxd5 exd5 8. Nc3 Be7 9. e4 dxe4 10. dxe4 Qxd1 11. Rxd1 Nxe4 12. Nd4 Nxc3 13. bxc3 Bd7 14. Re1 Kd8 15. Rb1 Bc8 16. Bf4 Nd7 17. Bxc6 Nc5 18. Rbd1 Bd7 19. Bxb7 Nxb7 20. Nc6+ Kc8 21. Nxe7+ Kd8 22. Nf5 g5 23. Be5 Rf8 24. Bg7 Rg8 25. Bf6+ Kc8 26. Ne7+ Kc7 27. Be5+ Kb6 28. Nxg8 Be6 29. Nf6 Ka6 30. a3 Rc8 31. Ne4 g4 32. Nd6 Nxd6 33. Rxd6+ Ka5 34. Rxe6 fxe6 35. Bd4 Rc6 36. Re5+ Ka4 37. Bxa7 Kxa3 38. Bd4 Kb3 39. Rh5 Kc4 40. Rxh6 Kd5 41. Rh5+ Ke4 42. Kg2 Ra6 43. Re5+ Kd3 44. Rg5 Ke4 45. Rxg4+ Kd5 46. Rg5+ Ke4 47. h4 Ra8 48. h5 e5 49. Rxe5+ Kd3 50. g4 Rg8 51. Kg3 Ra8 52. h6 Ra3 53. h7 Kc4 54. h8=Q Kb3 55. Qg8+ Kc2 56. Re2+ Kd3 57. Qe6 1-0

[Event "January 2 Late 2024"]
[Site "https://www.chess.com"]
[Date "2024.01.02"]
[Round "3"]
[White "MiguelEduardoGB"]
[Black "Karas, Marek"]
[Result "0-1"]
[Board "181"]
[TimeControl "180+1"]
[BlackFideId "14928558"]
[WhiteElo "2204"]
[BlackElo "2464"]
[BlackTeam "CZE"]
[WhiteClock "0:00:00"]
[BlackClock "0:00:11"]

1. b3 d5 2. Bb2 Bg4 3. h3 Bh5 4. g4 Bg6 5. Bg2 c6 6. e3 Nd7 7. Ne2 e5 8. O-O Bd6 9. f4 f6 10. f5 Bf7 11. d3 Ne7 12. Nd2 O-O 13. Qe1 a5 14. a3 Qb6 15. Qf2 a4 16. b4 c5 17. c3 cxb4 18. cxb4 Rac8 19. Rac1 Rxc1 20. Rxc1 Rc8 21. Rxc8+ Nxc8 22. Nc3 Qc6 23. Qf3 Ncb6 24. g5 fxg5 25. Qg4 h6 26. h4 Nf6 27. Qh3 e4 28. hxg5 hxg5 29. dxe4 Be5 30. exd5 Qc7 31. e4 Nc4 32. Nxc4 Qxc4 33. Qf3 Bh5 34. Bf1 Qd4+ 35. Qf2 Nxe4 36. Qxd4 Bxd4+ 37. Kg2 Bxc3 38. Bc1 Be5 39. Bc4 Nd6 40. Bd3 Bf7 0-1